 Dungeon Crawl Stone Soup version 0.30.0-19-g36f170ea60 (webtiles) character file.

Game seed: 8846848861045697327

4141 croobank the Magician (level 10, -4/74 HPs)
             Began as a Gnoll Fire Elementalist on May 30, 2023.
             Was an Initiate of Gozag.
             Slain by a vampire mosquito (5 damage)
             ... on level 8 of the Dungeon.
             The game lasted 00:37:27 (10265 turns).

croobank the Magician (Gnoll Fire Elementalist)    Turns: 10265, Time: 00:37:28

Health: -4/74      AC:  4    Str:  7    XL:     10   Next: 27%
Magic:  21/21      EV: 14    Int: 20    God:    Gozag
Gold:   193        SH:  0    Dex: 12    Spells: 14/23 levels left

rFire   + . .        a - +5 short sword
rCold   x . .        (no shield)
rNeg    . . .        y - +2 robe
rPois   .            (no helmet)
rElec   .            (no cloak)
rCorr   .            (no gloves)
SInv    .            (no boots)
Will    .....        B - amulet of magic regeneration
Stlth   +++          G - ring of fire
HPRegen 0.32/turn    (no ring)
MPRegen 0.57/turn

%: no passive effects
@: about to teleport, hasted, very quick
A: fangs 1, strong nose, distributed training
a: Renounce Religion, Potion Petition, Call Merchant, Bribe Branch


You were on level 8 of the Dungeon.
You worshipped Gozag.
Gozag was aware of your devotion.
You visited 2 branches of the dungeon, and saw 9 of its levels.

You collected 578 gold pieces.
You spent 250 gold pieces at shops.
You paid 135 gold pieces to Gozag.

Inventory:

Hand Weapons
 a - a +5 short sword (weapon)
 c - a +0 dagger of venom
 i - a +0 war axe of chaos
 r - the +2 trident of Uskayaw's Delight {freeze, rF+ Will- Str+3 Dex+4}
   (You found it on level 7 of the Dungeon)

   Str:       It affects your strength (+3).
   Dex:       It affects your dexterity (+4).
   rF:        It protects you from fire.
   Will:      It decreases your willpower.
 v - a +0 dagger of holy wrath
 z - a +3 dagger
 C - the +5 falchion of the Middle {heavy, *Rage MP+9 Str+6}
   (You found it on level 4 of the Dungeon)

   Str:       It affects your strength (+6).
   MP:        It affects your magic capacity (+9).
   *Rage:     It berserks you when you make melee attacks (+20% chance).
 D - a +2 long sword of flaming
 I - a +2 whip of flaming
Missiles
 j - 4 throwing nets
 w - 3 datura-tipped darts
 A - 24 poisoned darts
 E - 4 silver javelins
Armour
 g - the +4 ring mail "Huenk" {Int-4 Dex+5}
   (You found it on level 4 of the Dungeon)

   Int:       It affects your intelligence (-4).
   Dex:       It affects your dexterity (+5).
 y - a +2 robe (worn)
Jewellery
 n - an amulet of reflection
 B - an amulet of magic regeneration (around neck)
 G - a ring of fire (left hand)
Wands
 x - a wand of digging (11)
 J - a wand of quicksilver (7)
 L - a wand of charming (8)
Scrolls
 d - a scroll of immolation
 f - a scroll of fog
 l - 7 scrolls of teleportation
 m - 2 scrolls of noise
 p - a scroll of blinking
 s - 2 scrolls of poison
 t - a scroll of amnesia
 u - a scroll of acquirement {unknown}
 M - 2 scrolls of vulnerability
Potions
 b - a potion of magic
 e - 2 potions of might
 k - 4 potions of flight
 o - 2 potions of haste
 q - a potion of berserk rage {unknown}
 F - a potion of ambrosia
 H - a potion of lignification
 N - a potion of brilliance


   Skills:
 + Level 5.3 Fighting
 + Level 5.3 Short Blades
 + Level 5.3 Long Blades
 + Level 5.3 Axes
 + Level 5.3 Maces & Flails
 + Level 5.3 Polearms
 + Level 5.3 Staves
 + Level 5.3 Ranged Weapons
 + Level 5.3 Throwing
 + Level 5.3 Armour
 + Level 7.1 Dodging
 + Level 6.8 Stealth
 + Level 5.3 Shields
 + Level 5.3 Unarmed Combat
 + Level 7.4 Spellcasting
 + Level 4.9 Conjurations
 + Level 4.4 Hexes
 + Level 4.4 Summonings
 + Level 4.4 Necromancy
 + Level 4.4 Translocations
 + Level 4.4 Transmutations
 + Level 7.1 Fire Magic
 + Level 4.4 Ice Magic
 + Level 4.4 Air Magic
 + Level 4.4 Earth Magic
 + Level 4.4 Poison Magic
 + Level 5.8 Invocations
 + Level 5.3 Evocations


You had 14 spell levels left.
You knew the following spells:

 Your Spells              Type           Power      Damage    Failure   Level
a - Foxfire               Conj/Fire      100%       2x1d9     1%          1
b - Scorch                Fire           100%       2d9       1%          2
c - Inner Flame           Hex/Fire       45%        N/A       2%          3
d - Summon Guardian Gole  Hex/Summ       25%        N/A       4%          3

Your spell library contained the following spells:

 Spells                   Type           Power      Damage    Failure   Level
 Summon Small Mammal      Summ           100%       N/A       1%          1
 Ensorcelled Hibernation  Hex/Ice        50%        N/A       2%          2
 Passwall                 Tmut/Erth      20%        N/A       2%          2
 Poisonous Vapours        Pois/Air       50%        N/A       2%          2
 Volatile Blastmotes      Fire/Tloc      90%        2d17      2%          3
 Call Canine Familiar     Summ           25%        N/A       4%          3
 Dazzling Flash           Conj/Hex       52%        N/A       4%          3
 Mephitic Cloud           Conj/Pois/Air  25%        N/A       4%          3
 Swiftness                Air            25%        N/A       4%          3
 Vampiric Draining        Necr           25%        2d7       4%          3
 Flame Wave               Conj/Fire      47%        2d12      8%          4
 Sticky Flame             Conj/Fire      47%        2d6       8%          4
 Iskenderun's Mystic Bla  Conj/Tloc      26%        2d7       13%         4
 Freezing Cloud           Conj/Ice/Air   12%        6-21      36%         5
 Borgnjor's Vile Clutch   Necr/Erth      12%        N/A       38%         5
 Starburst                Conj/Fire      23%        6d8       75%         6
 Death's Door             Necr           12%        N/A       100%        9


Dungeon Overview and Level Annotations

Branches:
Dungeon (8/15)             Temple (1/1) D:7
   Lair: D:8-11

Altars:
Ashenzari
Elyvilon
Fedhas
Gozag
Hepliaklqana
Kikubaaqudgha
Makhleb
Nemelex Xobeh
Okawaru
Ru
Sif Muna
Uskayaw
Vehumet
Wu Jian
Xom
Yredelemnul
Zin
The Shining One

Shops:
D:3 =   D:6 (


Innate Abilities, Weirdness & Mutations

You have very sharp teeth.
Your uncanny sense of smell can sniff out nearby items.
Your experience applies equally to all skills.


Message History

The vampire mosquito is moderately damaged.
The vampire mosquito's fire resistance burns away.
The vampire mosquito bites you.
* * * LOW HITPOINT WARNING * * *
The vampire mosquito draws strength from your injuries!
The vampire mosquito bites you.
* * * LOW HITPOINT WARNING * * *
The vampire mosquito draws strength from your injuries!
The steam dragon barely misses you. The steam dragon closely misses you.
You feel much better. The vampire mosquito barely misses you.
The vampire mosquito bites you.
The vampire mosquito draws strength from your injuries!
The steam dragon bites you.
The steam dragon claws you but does no damage.
Blink to where?
Press: ? - help, Dir - move target
As you read the scroll of blinking, it crumbles to dust.
The steam dragon is no longer more vulnerable to fire.
The vampire mosquito bites you.
The vampire mosquito draws strength from your injuries!
The vampire mosquito barely misses you.
The vampire mosquito attacks as you move away!
The vampire mosquito completely misses you.
The vampire mosquito barely misses you.
The vampire mosquito barely misses you. x2
The vampire mosquito bites you!
* * * LOW HITPOINT WARNING * * *
The vampire mosquito draws strength from your injuries!
The vampire mosquito barely misses you.
As you read the scroll of teleportation, it crumbles to dust.
You feel strangely unstable. The vampire mosquito bites you!
* * * LOW HITPOINT WARNING * * *
The vampire mosquito draws strength from your injuries!
The vampire mosquito bites you but does no damage. x3
You feel yourself speed up. The vampire mosquito bites you!
* * * LOW HITPOINT WARNING * * *
The vampire mosquito draws strength from your injuries!
The vampire mosquito misses you. The vampire mosquito bites you.
You die...
Your body crumbles into a pile of gold.

#..##..####.............#......
.. ##.#########.#...##...#.#..
#....# #.###......#.##. ##...#
##.###..###....#.
#...#####......## ###....
#....D..........# #<#).
##.##...D....##.#####....
##...###yy...##.........# #....#
#@...........#.### #....#
##.....#.....#...#
###..####....##..⌠.⌠#...# #####
##..............._.....#
.....#####......####.....⌠.⌠.....
#...#.........### #.##..........
................####.##.....#.###
#...#................########.#
......>............##### #.#


You could see a steam dragon and 2 vampire mosquitoes.

Vanquished Creatures
  Pikel (D:6)
  The ghost of Kamelo the Geomancer, a novice GrEE (D:6)
  A hornet (D:8)
  Grinder (D:6)
  A shadow (D:8)
  A water moccasin (D:8)
  2 orc warriors
  4 sky beasts
  A black bear (D:7)
  An ogre (D:5)
  A centaur (D:6)
  4 lemures (D:6)
  5 bullfrogs
  3 kobold brigands
  5 scorpions
  3 wights (D:4)
  4 jellies
  An electric eel (D:7)
  A howler monkey (D:5)
  2 hounds
  2 gnoll boudas
  2 orc priests
  4 iguanas
  2 sleepcaps
  Jessica (D:3)
  An orc wizard (D:4)
  7 gnolls
  9 adders
  A white imp (D:5)
  4 dart slugs
  15 orcs
  5 ball pythons
  6 bats
  8 endoplasms
  6 giant cockroaches
  2 goblins
  12 hobgoblins
  4 quokkas
  5 frilled lizards
  32 kobolds
  5 rats
176 creatures vanquished.

Vanquished Creatures (collateral kills)
  12 foxfires (D:5)
12 creatures vanquished.

Vanquished Creatures (others)
  424 foxfires
424 creatures vanquished.

Grand Total: 612 creatures vanquished

Notes
Turn   | Place    | Note
-------+----------+-------------------------------------------
     0 | D:1      | croobank the Gnoll Fire Elementalist began the quest for
                  | the Orb.
     0 | D:1      | Reached XP level 1. HP: 13/13 MP: 6/6
   253 | D:1      | Reached XP level 2. HP: 19/19 MP: 5/7
   259 | D:1      | Learned a level 2 spell: Scorch
  1236 | D:1      | Reached skill level 5 in Spellcasting
  1236 | D:1      | Reached XP level 3. HP: 25/25 MP: 7/9
  1296 | D:1      | Learned a level 3 spell: Inner Flame
  1362 | D:2      | Found an ornate altar of the Wu Jian Council.
  1577 | D:2      | Reached skill level 1 in Invocations
  1858 | D:2      | Reached skill level 1 in Fighting
  1858 | D:2      | Reached skill level 1 in Short Blades
  1858 | D:2      | Reached skill level 1 in Long Blades
  1858 | D:2      | Reached skill level 1 in Axes
  1858 | D:2      | Reached skill level 1 in Maces & Flails
  1858 | D:2      | Reached skill level 1 in Polearms
  1858 | D:2      | Reached skill level 1 in Staves
  1858 | D:2      | Reached skill level 1 in Ranged Weapons
  1858 | D:2      | Reached skill level 1 in Throwing
  1858 | D:2      | Reached skill level 1 in Armour
  1858 | D:2      | Reached skill level 1 in Shields
  1858 | D:2      | Reached skill level 1 in Unarmed Combat
  1858 | D:2      | Reached skill level 1 in Evocations
  1941 | D:2      | Got the Spellbook of Stolen Souls
  2113 | D:2      | Reached XP level 4. HP: 32/32 MP: 6/11
  2773 | D:3      | Found Dotoaguc's Jewellery Shoppe.
  2883 | D:3      | Reached skill level 1 in Hexes
  2883 | D:3      | Reached skill level 1 in Summonings
  2883 | D:3      | Reached skill level 1 in Necromancy
  2883 | D:3      | Reached skill level 1 in Translocations
  2883 | D:3      | Reached skill level 1 in Transmutations
  2883 | D:3      | Reached skill level 1 in Ice Magic
  2883 | D:3      | Reached skill level 1 in Air Magic
  2883 | D:3      | Reached skill level 1 in Earth Magic
  2883 | D:3      | Reached skill level 1 in Poison Magic
  2937 | D:3      | Reached XP level 5. HP: 37/37 MP: 3/12
  3169 | D:3      | Noticed Jessica
  3174 | D:3      | Killed Jessica
  3491 | D:4      | Reached skill level 5 in Dodging
  3491 | D:4      | Reached XP level 6. HP: 44/44 MP: 8/14
  3566 | D:4      | Found an ancient bone altar of Kikubaaqudgha.
  3797 | D:4      | Identified the +4 ring mail "Huenk" {Int-4 Dex+5}
  4615 | D:4      | Reached XP level 7. HP: 50/50 MP: 6/15
  4963 | D:4      | Found a hide-covered altar of Uskayaw.
  5035 | D:4      | Identified the +5 falchion of the Middle {heavy, *Rage MP+9
                  | Str+6}
  5208 | D:5      | Entered Level 5 of the Dungeon
  5214 | D:5      | Reached skill level 5 in Stealth
  5323 | D:5      | Found an iron altar of Okawaru.
  5424 | D:5      | Found an ornate altar of the Wu Jian Council.
  5441 | D:5      | Identified the +6 sling "Hydra's Doom" {speed, rElec Dex+4}
  5637 | D:5      | Reached XP level 8. HP: 58/58 MP: 13/16
  6166 | D:5      | You fall into a shaft and drop 1 floor!
  6181 | D:6      | Found a sacrificial altar of Ru.
  6924 | D:6      | Found Pugom's Antique Weapon Shop.
  6935 | D:6      | Found a runed translucent door.
  6938 | D:6      | Noticed Kamelo's ghost (novice GrEE)
  7101 | D:6      | Noticed Grinder
  7104 | D:6      | Paralysed by Grinder for 5 turns
  7113 | D:6      | Killed Grinder
  7328 | D:6      | Noticed Pikel
  7489 | D:3      | Bought a ring of fire for 250 gold pieces
  7606 | D:6      | Killed Pikel
  7607 | D:6      | Reached XP level 9. HP: 27/65 MP: 8/18
  8110 | D:6      | Found a glowing golden altar of the Shining One.
  8112 | D:6      | Noticed an angel
  8159 | D:6      | Found a basalt altar of Yredelemnul.
  8164 | D:6      | Learned a level 3 spell: Summon Guardian Golem
  8265 | D:6      | Found a runed translucent door.
  8315 | D:6      | Killed Kamelo's ghost
  8316 | D:6      | Reached skill level 5 in Invocations
  9140 | D:7      | Found Ileext's Island Escapes.
  9254 | D:6      | Reached skill level 5 in Fighting
  9254 | D:6      | Reached skill level 5 in Short Blades
  9254 | D:6      | Reached skill level 5 in Long Blades
  9254 | D:6      | Reached skill level 5 in Axes
  9254 | D:6      | Reached skill level 5 in Maces & Flails
  9254 | D:6      | Reached skill level 5 in Polearms
  9254 | D:6      | Reached skill level 5 in Staves
  9254 | D:6      | Reached skill level 5 in Ranged Weapons
  9254 | D:6      | Reached skill level 5 in Throwing
  9254 | D:6      | Reached skill level 5 in Armour
  9254 | D:6      | Reached skill level 5 in Shields
  9254 | D:6      | Reached skill level 5 in Unarmed Combat
  9254 | D:6      | Reached skill level 5 in Evocations
  9254 | D:6      | Reached XP level 10. HP: 34/74 MP: 12/20
  9548 | D:7      | Identified the +2 trident of Uskayaw's Delight {freeze, rF+
                  | Will- Str+3 Dex+4}
  9727 | D:7      | Found a staircase to the Ecumenical Temple.
  9747 | Temple   | Entered the Ecumenical Temple
  9822 | Temple   | Became a worshipper of Gozag Ym Sagoz the Greedy
  9911 | D:8      | Found a sparkling altar of Nemelex Xobeh.
 10265 | D:8      | HP: 1/74 [vampire mosquito (9)]
 10265 | D:8      | Slain by a vampire mosquito

Illustrated notes

Levels and vault maps discovered:
D:1:      grunt_arrival_crossed_arrows, layout_basic
D:2:      layout_basic, basic_altar, minmay_misc_feat_plants
D:3:      layout_loops_cross, serial_shops, shop,
          minmay_fractal_squares_diagonal_5, uniq_jessica
D:4:      kennysheep_kobold_camp, layout_basic, nicolae_overflow_hidden_temple,
          mainiacjoe_overflow_catwalk, hangedman_abyss_or_decor_lesser_grid
D:5:      layout_gridville, mainiacjoe_overflow_boulevard,
          mainiacjoe_overflow_24_doors, serial_bayou_lagoon_a
D:6:      layout_loops_ring, nicolae_overflow_crystal_walls,
          grunt_temple_overflow_holy_war, serial_shops,
          nicolae_shop_competitors_out_of_business, ebering_ghost_sewer_f,
          minmay_strange_pillars, minmay_strange_pillars, minmay_misc_feat_room,
          uniq_pikel, uniq_grinder
D:7:      layout_gridville, minmay_temple_entry_overgrown, serial_glass,
          glass_columns_b, glass_columns_a, feat_on_display,
          due_unseen_surprise, item_on_display_a, st_stairs_9,
          serial_bayou_pond_b, nicolae_island_escapes
D:8:      layout_rooms, nemelex_xobeh_ov_fountains_minmay,
          lemuel_coloured_pillars_altar, gammafunk_ghost_berserking_beasts
Temple:   hc_temple_tempest_star

Skill      XL: |  1  2  3  4  5  6  7  8  9 10 |
---------------+-------------------------------+-----
Conjurations   | 2 3 4 |  4.9
Spellcasting   | 5 6 7 |  7.4
Invocations    | 1 2 3 4 5 |  5.8
Fighting       | 1 2 3 4 5 |  5.3
Short Blades   | 1 2 3 4 5 |  5.3
Long Blades    | 1 2 3 4 5 |  5.3
Axes           | 1 2 3 4 5 |  5.3
Maces & Flails | 1 2 3 4 5 |  5.3
Polearms       | 1 2 3 4 5 |  5.3
Staves         | 1 2 3 4 5 |  5.3
Ranged Weapons | 1 2 3 4 5 |  5.3
Throwing       | 1 2 3 4 5 |  5.3
Armour         | 1 2 3 4 5 |  5.3
Shields        | 1 2 3 4 5 |  5.3
Unarmed Combat | 1 2 3 4 5 |  5.3
Evocations     | 1 2 3 4 5 |  5.3
Hexes          | 1 2 3 4 |  4.4
Summonings     | 1 2 3 4 |  4.4
Necromancy     | 1 2 3 4 |  4.4
Translocations | 1 2 3 4 |  4.4
Transmutations | 1 2 3 4 |  4.4
Ice Magic      | 1 2 3 4 |  4.4
Air Magic      | 1 2 3 4 |  4.4
Earth Magic    | 1 2 3 4 |  4.4
Poison Magic   | 1 2 3 4 |  4.4
Dodging        | 5 6 7 |  7.1
Stealth        | 5 6 |  6.8
Fire Magic     | 6 7 |  7.1

Action                     |  1- 3 |  4- 6 |  7- 9 | 10-12 || total
---------------------------+-------+-------+-------+-------++-------
  Melee: Dagger            |    25 |    20 |       |       ||    45
         Bite              |     1 |     5 |     7 |       ||    13
         Short sword       |       |    24 |    50 |     5 ||    79
         Punch             |       |       |     1 |       ||     1
   Cast: Foxfire           |    42 |    81 |   116 |    12 ||   251
         Scorch            |    14 |    25 |    62 |    25 ||   126
         Summon Guardian G |       |       |     1 |       ||     1
  Evoke: Wand              |       |       |       |     1 ||     1
    Use: Scroll            |       |     4 |    15 |     7 ||    26
         Potion            |       |       |     3 |     2 ||     5
   Stab: Sleeping          |     1 |     5 |     6 |       ||    12
 Armour: Robe              |     1 |     5 |     5 |    11 ||    22
  Dodge: Dodged            |    24 |    26 |    33 |    21 ||   104
  Block: Other             |     3 |    10 |    14 |       ||    27
         Reflection        |       |     2 |       |       ||     2
